 Dungeon Crawl Stone Soup version 0.16.2-12-gd0ad4c3 (webtiles) character file.

12404 Kloppie the Basher (level 11, -9/76 HPs)
             Began as a Gargoyle Fighter on Nov 1, 2015.
             Was a Priest of the Shining One.
             Mangled by a hill giant
             ... wielding a +0 giant club
              (10 damage)
             ... on level 11 of the Dungeon.
             The game lasted 00:25:35 (10030 turns).

Kloppie the Basher (Gargoyle Fighter)              Turns: 10030, Time: 00:25:35

Health: -9/76      AC: 26    Str: 21    XL:     11   Next: 92%
Magic:  11/11      EV:  8    Int: 10    God:    the Shining One [***...]
Gold:   185        SH:  0    Dex: 10    Spells: 0 memorised, 10 levels left

rFire  . . .     SeeInvis .     a - +0 dire flail
rCold  . . .     Clarity  .     D - +0 chain mail
rNeg   + + .     SustAb   .     (no shield)
rPois  ∞         Gourm    .     x - +0 helmet (curse)
rElec  +         Spirit   .     k - +0 cloak
rCorr  .         Warding  .     L - +0 pair of gloves
rMut   .         Stasis   .     (no boots)
MR     .....                    O - amulet of faith
Stlth  ..........               J - +3 ring of protection
                                y - +2 ring of slaying

@: exhausted, slowed, glowing, very slow, not resistant to hostile enchantments,
extremely unstealthy
A: negative energy resistance 1, electricity resistance, unbreathing,
petrification resistance, rot immunity, AC +7
a: Divine Shield, Renounce Religion


You were on level 11 of the Dungeon.
You worshipped the Shining One.
The Shining One was most pleased with you.
You were near starving.

You visited 2 branches of the dungeon, and saw 12 of its levels.

You collected 426 gold pieces.
You spent 241 gold pieces at shops.

Inventory:

Hand weapons
 a - a +0 dire flail (weapon)
 b - a +0 arbalest of freezing
 S - a +1 flail of flaming
Missiles
 B - 44 bolts
Armour
 c - a +0 shield
 k - a +0 cloak (worn)
 x - a cursed +0 helmet (worn)
 D - a +0 chain mail (worn)
 L - a +0 pair of gloves (worn)
Jewellery
 o - an uncursed amulet of guardian spirit
 u - an uncursed amulet of resist corrosion
 y - a +2 ring of slaying (left hand)
 J - a +3 ring of protection (right hand)
 O - an amulet of faith (around neck)
Magical devices
 e - a wand of magic darts (8)
 E - a wand of polymorph (11)
 H - a wand of slowing (33)
 K - a wand of fire (3)
 Q - a wand of disintegration (9)
Scrolls
 h - 5 scrolls of remove curse
 l - 2 scrolls of magic mapping
 m - a scroll of fear
 p - a scroll of immolation
 v - a scroll of amnesia
 I - a scroll of brand weapon
 M - a scroll of recharging
Potions
 g - a potion of magic
 n - 2 potions of cancellation
 q - 2 potions of ambrosia
 s - a potion of resistance
 w - 2 potions of curing
 z - 2 potions of cure mutation
 F - a potion of restore abilities
 R - 2 potions of flight {unknown}
Books
 t - a book of Summonings

   Spells                             Type                      Level
   a - Abjuration                     Summoning                    3
   b - Recall                         Summoning/Translocation      3
   c - Shadow Creatures               Summoning                    5
   d - Summon Demon                   Summoning                    5
   e - Summon Forest                  Summoning/Translocation      5
   f - Monstrous Menagerie            Summoning                    6
 A - a book of the Earth

   Spells                             Type                      Level
   a - Leda's Liquefaction            Hexes/Earth                  4
   b - Bolt of Magma                  Conjuration/Fire/Earth       5
   c - Statue Form                    Transmutation/Earth          6
   d - Iron Shot                      Conjuration/Earth            6
   e - Shatter                        Earth                        9
 C - a book of Hinderance

   Spells                             Type                      Level
   a - Confusing Touch                Hexes                        2
   b - Confuse                        Hexes                        3
   c - Petrify                        Transmutation/Earth          4
   d - Metabolic Englaciation         Hexes/Ice                    5
   e - Gell's Gravitas                Hexes/Translocation          5
   f - Summon Mana Viper              Hexes/Summoning              5
Comestibles
 d - 8 bread rations
 i - 2 beef jerkies
 r - 4 meat rations
 G - a royal jelly


   Skills:
 - Level 11.7 Fighting
 + Level 13.0 Maces & Flails
 + Level 9.7 Armour
 - Level 3.2 Shields


You had 10 spell levels left.
You didn't know any spells.

Dungeon Overview and Level Annotations

Branches:
Dungeon (11/15)            Temple (1/1) D:5
   Lair: D:8-11         Orc: D:9-12

Altars:
Ashenzari
Cheibriados
Dithmenos
Elyvilon
Fedhas
Gozag
Kikubaaqudgha
Makhleb
Nemelex Xobeh
Okawaru
Qazlal
Ru
Sif Muna
Trog
Vehumet
Xom
Yredelemnul
Zin
The Shining One

Shops:
D:5 !   D:9 !

Annotations:
D:7 Prince Ribbit


Innate Abilities, Weirdness & Mutations

You are resistant to torment.
You are immune to poison.
Your stone body is very resilient (AC +7).
You resist negative energy.
You are resistant to electric shocks.
You can survive without breathing.
You are immune to petrification.
You are immune to rotting.


Message History

You sock the hill giant!
The hill giant is heavily wounded.
You bludgeon the hill giant!!
The hill giant is severely wounded.
You are no longer berserk.
You are exhausted.
You feel yourself slow down.
You are near starving!
You sock the hill giant!
The hill giant is almost dead.
The hill giant hits you with a giant club!
* * * LOW HITPOINT WARNING * * *
You hit the hill giant but do no damage.
The hill giant is almost dead.
The hill giant hits you with a giant club.
* * * LOW HITPOINT WARNING * * *
You hit the hill giant.
The hill giant is almost dead.
The hill giant hits you with a giant club!
You die...

#.......# ###
#.......########>...
#...................#
#...................#
#...................#
#............)......#
#................####
######.........!..#
....##..........@.#
###.##..........C.#
..#.##............#
#.#.##.############
#.#.##.# #†#.##.#
#.#.##.# #.#.##.#
#.#.##.#


You could see a hill giant.

Vanquished Creatures
  2 hydras
  3 skeletal warriors (D:9)
  An ugly thing (D:11)
  2 hill giants
  Maurice (D:8)
  2 centaur skeletons
  A kobold demonologist (D:11)
  Grinder (D:5)
  A wyvern (D:9)
  2 deep elf magi
  2 hippogriffs (D:8)
  Eustachio (D:8)
  10 yaks
  Edmund (D:8)
  2 ice beasts
  4 sky beasts
  An eye of draining (D:5)
  2 centaurs (D:5)
  3 ogres
  A big kobold (D:8)
  6 giant frogs
  Blork the orc (D:9)
  A gnoll sergeant (D:6)
  2 wyvern zombies (D:7)
  13 killer bees
  5 scorpions
  A wight (D:5)
  A goliath beetle (D:6)
  3 electric eels (D:9)
  6 crimson imps
  A centaur zombie (D:8)
  2 quasits
  A gnoll shaman (D:9)
  5 hounds
  10 orc wizards
  2 orc priests
  A giant frog skeleton (D:4)
  2 jellies
  An iguana (D:6)
  9 worker ants
  2 hound skeletons
  A mummy (D:11)
  14 gnolls
  3 shadow imps
  6 adders
  3 worms
  2 giant mites
  An ufetubus (D:8)
  2 adder skeletons
  9 giant geckos
  4 oozes (D:3)
  29 orcs
  A bat skeleton (D:5)
  5 giant cockroaches
  15 hobgoblins
  11 jackals
  26 kobolds
  8 quokkas
  3 ball pythons (D:2)
  20 bats
  A giant newt (D:2)
  2 giant spores
  13 goblins
  A quokka skeleton (D:7)
  A quokka zombie (D:6)
  16 rats
  6 ballistomycetes
  A plant (D:1)
322 creatures vanquished.

Notes
Turn   | Place    | Note
--------------------------------------------------------------
     0 | D:1      | Kloppie, the Gargoyle Fighter, began the quest for the Orb.
     0 | D:1      | Reached XP level 1. HP: 14/14 MP: 1/1
   167 | D:1      | Reached XP level 2. HP: 13/19 MP: 2/2
   759 | D:2      | Reached XP level 3. HP: 21/24 MP: 3/3
   935 | D:2      | Reached skill level 4 in Fighting
  1097 | D:3      | Reached XP level 4. HP: 25/30 MP: 4/4
  1198 | D:3      | Reached XP level 5. HP: 31/34 MP: 5/5
  1593 | D:3      | Reached skill level 5 in Fighting
  1775 | D:4      | Reached XP level 6. HP: 33/40 MP: 6/6
  1819 | D:4      | Reached skill level 5 in Maces & Flails
  2156 | D:4      | Found an iron altar of Okawaru.
  2273 | D:4      | Reached skill level 6 in Fighting
  2546 | D:5      | Entered Level 5 of the Dungeon
  2564 | D:5      | Reached XP level 7. HP: 16/47 MP: 3/7
  2829 | D:5      | Noticed Grinder
  2861 | D:5      | Killed Grinder
  2861 | D:5      | Reached skill level 7 in Fighting
  3145 | D:5      | Found Qeos' Distillery.
  3156 | D:5      | Found a staircase to the Ecumenical Temple.
  3205 | Temple   | Entered the Ecumenical Temple
  3292 | Temple   | Became a worshipper of the Shining One
  3455 | D:5      | Reached XP level 8. HP: 51/53 MP: 8/8
  3574 | D:5      | Found a shimmering altar of Xom.
  3775 | D:5      | Found a glowing silver altar of Zin.
  3863 | D:5      | Bought a potion of curing for 33 gold pieces
  4068 | D:6      | Reached skill level 8 in Fighting
  4410 | D:6      | Found a shattered altar of Ashenzari.
  4686 | D:6      | Found a stormy altar of Qazlal.
  4878 | D:6      | Found a shimmering altar of Xom.
  4878 | D:6      | Found an opulent altar of Gozag.
  5045 | D:6      | Reached skill level 9 in Fighting
  5228 | D:6      | Reached XP level 9. HP: 27/60 MP: 9/9
  5684 | D:7      | Acquired the Shining One's first power
  5828 | D:7      | Noticed Prince Ribbit
  5833 | D:7      | Noticed a centaur skeleton
  5841 | D:7      | Killed a centaur skeleton
  5841 | D:7      | Reached skill level 10 in Fighting
  6484 | D:8      | Noticed Maurice
  6492 | D:8      | Killed Maurice
  6577 | D:8      | Reached skill level 11 in Fighting
  6736 | D:8      | Found a sacrificial altar of Ru.
  6743 | D:8      | Reached XP level 10. HP: 69/69 MP: 10/10
  6800 | D:8      | Reached skill level 10 in Maces & Flails
  7054 | D:8      | Noticed Edmund
  7061 | D:8      | Killed Edmund
  7113 | D:8      | Noticed Eustachio
  7113 | D:8      | Acquired the Shining One's second power
  7165 | D:8      | Killed Eustachio
  7278 | D:8      | Noticed a centaur skeleton
  7288 | D:8      | Killed a centaur skeleton
  7843 | D:9      | Found Freoruk's Distillery.
  7876 | D:9      | Bought a potion of agility for 52 gold pieces
  7876 | D:9      | Bought a potion of brilliance for 52 gold pieces
  7876 | D:9      | Bought a potion of invisibility for 104 gold pieces
  8022 | D:9      | Reached skill level 5 in Armour
  8150 | D:9      | Noticed Blork the orc
  8156 | D:9      | Noticed a skeletal warrior
  8158 | D:9      | Noticed a skeletal warrior
  8162 | D:9      | Killed Blork the orc
  8207 | D:9      | Killed a skeletal warrior
  8215 | D:9      | Noticed a skeletal warrior
  8222 | D:9      | Killed a skeletal warrior
  8222 | D:9      | Reached XP level 11. HP: 72/76 MP: 11/11
  8235 | D:9      | Killed a skeletal warrior
  8374 | D:9      | Noticed a five-headed hydra
  8392 | D:9      | Killed a five-headed hydra
  8392 | D:9      | Reached skill level 12 in Maces & Flails
  8770 | D:10     | Entered Level 10 of the Dungeon
  9294 | D:10     | Noticed a hill giant
  9304 | D:10     | Killed a hill giant
  9421 | D:11     | Noticed a seven-headed hydra
  9440 | D:11     | Killed a seven-headed hydra
  9444 | D:11     | Noticed a hill giant
  9554 | D:11     | Killed a hill giant
  9819 | D:11     | Reached skill level 13 in Maces & Flails
 10011 | D:11     | Noticed a hill giant
 10028 | D:11     | HP: 3/76 [hill giant/giant club (10)]
 10029 | D:11     | HP: 1/76 [hill giant/giant club (3)]
 10030 | D:11     | Mangled by a hill giant

Action                   |  1- 3 |  4- 6 |  7- 9 | 10-12 || total
-------------------------+-------+-------+-------+-------++-------
Melee: Flail             |   137 |   237 |   405 |    36 ||   815
       Dire flail        |       |       |       |   398 ||   398
 Fire: Blowgun           |       |       |     4 |       ||     4
Evoke: Wand              |       |       |       |     2 ||     2
  Use: Scroll            |       |    10 |     6 |     5 ||    21
       Potion            |       |       |     2 |     5 ||     7
  Eat: Chunk             |     1 |     5 |    14 |     9 ||    29
       Pizza             |       |       |       |     1 ||     1
